 Dungeon Crawl Stone Soup version 0.22-a0-877-g5c4e1af (webtiles) character file.

216 exewon the Digger (level 5, -6/28 HPs)
             Began as a Gargoyle Earth Elementalist on July 29, 2018.
             Mangled by an ogre
             ... wielding a +0 giant spiked club
              (14 damage)
             ... on level 4 of the Dungeon.
             The game lasted 00:17:16 (2105 turns).

exewon the Digger (Gargoyle Earth Elementalist)     Turns: 2105, Time: 00:17:17

Health: -6/28      AC:  8    Str:  8 (11) XL:     5   Next: 93%
Magic:  9/10       EV: 12    Int: 15 (17) God:
Gold:   67         SH:  0    Dex:  9 (10) Spells: 4/10 levels left

rFire    . . .     SeeInvis .   f - +0 club
rCold    . . .     Gourm    .   (no shield)
rNeg     + . .     Faith    .   c - +0 robe
rPois    ∞         Spirit   .   (no helmet)
rElec    +         Reflect  .   g - +0 cloak
rCorr    .         Harm     .   n - +0 pair of gloves
MR       .....                  (no boots)
Stlth    ++........             (no amulet)
HPRegen  0.09/turn              (no ring)
MPRegen  0.12/turn              (no ring)

@: flying
A: negative energy resistance 1, electricity resistance, unbreathing,
petrification resistance, rot immunity, AC +4
a: no special abilities


You were on level 4 of the Dungeon.
You were not hungry.

You visited 1 branch of the dungeon, and saw 3 of its levels.

You collected 67 gold pieces.

Inventory:

Hand Weapons
 f - a +0 club (weapon)
 k - a +3 dagger
Missiles
 b - 86 stones (quivered)
Armour
 c - a +0 robe (worn)
 g - a +0 cloak (worn)
 n - a +0 pair of gloves (worn)
 q - a +0 leather armour
Scrolls
 j - 2 scrolls of identify
 l - a scroll of amnesia {unknown}
 m - 3 scrolls of teleportation
 p - a scroll of remove curse {unknown}
Comestibles
 d - 3 rations


   Skills:
 + Level 1.3 Maces & Flails
 - Level 2.0 Dodging
 + Level 3.2 Stealth
 + Level 3.3 Spellcasting
 - Level 0.8 Transmutations
 * Level 5.6 Earth Magic


You had 4 spell levels left.
You knew the following spells:

 Your Spells              Type           Power        Failure   Level  Hunger
a - Sandblast             Erth           ###...       1%          1    None
b - Passwall              Tmut/Erth      ##......     8%          2    ##.....
c - Stone Arrow           Conj/Erth      ##....       19%         3    ###....

Your spell library contained the following spells:

 Spells                   Type           Power        Failure   Level  Hunger
 Lee's Rapid Deconstruct  Erth           ###.......   45%         5    ######.
 Petrify                  Tmut/Erth      ##......     45%         4    ####...


Dungeon Overview and Level Annotations

Branches:
Dungeon (2/15)

Altars:

Annotations:
D:2 Sigmund


Innate Abilities, Weirdness & Mutations

You are resistant to torment.
Your stone body is resilient. (AC +4)
You are immune to poison.
You resist negative energy. (rN+)
You are resistant to electric shocks. (rElec)
You can survive without breathing.
You are immune to petrification.
You are immune to rotting.


Message History

b - 87 stones It was a potion of degeneration.
There was something very wrong with that liquid.
You feel weakened.
You feel dopey.
You feel clumsy. The ogre hits you but does no damage.
The orc wizard casts a spell.
The orc wizard seems to speed up.
All of the chunks of flesh in your inventory have rotted away.
You feel better.
Casting: Sandblast (safe; 1% risk of failure)
Confirm with . or Enter, or press ? or * to list all spells.
Aiming: Sandblast (safe; 1% risk of failure)
Press: ? - help, Shift-Dir - straight line, f - ogre
Aim: an ogre, wielding a giant spiked club The blast of sand hits the ogre.
The ogre is heavily wounded.
b - 86 stones The ogre hits you with a giant spiked club!
Ouch! That really hurt!
You die...

######## ###
.......#######.#
.........##....##
.......#...)....##
#########.##.....#
#..###....## #..#
##o...# #..#
#.O..## #.##
##.@..# #.#
##...## #.# ##...#
#..# #.# #...##
#..# ##.#
##...##### #..#
#..#
#....#..###..#
#..#
##.......##..#
#.## ##.......#.#
#.# #.........#


You could see an ogre and an orc wizard.

Vanquished Creatures
  A howler monkey (D:2)
  An iguana (D:4)
  3 worker ants (D:4)
  A howler monkey skeleton (D:4)
  An adder (D:2)
  2 worms
  2 dart slugs (D:1)
  3 leopard geckos
  3 orcs (D:4)
  4 giant cockroaches (D:1)
  3 goblins (D:1)
  3 hobgoblins (D:1)
  2 jackals (D:1)
  6 kobolds
  2 quokkas
  4 bats (D:1)
  3 frilled lizards
  3 rats
47 creatures vanquished.

Notes
Turn   | Place    | Note
-------+----------+-------------------------------------------
     0 | D:1      | exewon the Gargoyle Earth Elementalist began the quest for the Orb.
     0 | D:1      | Reached XP level 1. HP: 10/10 MP: 3/3
   295 | D:1      | Reached XP level 2. HP: 15/15 MP: 1/5
   382 | D:1      | Reached skill level 4 in Earth Magic
   713 | D:1      | Learned a level 2 spell: Passwall
   787 | D:1      | Reached XP level 3. HP: 19/19 MP: 2/6
  1111 | D:2      | Reached XP level 4. HP: 24/24 MP: 2/8
  1190 | D:2      | Noticed Sigmund
  1534 | D:2      | Reached skill level 5 in Earth Magic
  1555 | D:2      | Learned a level 3 spell: Stone Arrow
  1599 | D:2      | You fall through a shaft for 2 floors!
  1602 | D:4      | Reached XP level 5. HP: 28/28 MP: 5/9
  1828 | D:4      | Reached skill level 1 in Maces & Flails
  2052 | D:4      | Noticed an ogre
  2105 | D:4      | Mangled by an ogre

Vault maps used:
D:1:      eino_arrival_water_star, minmay_misc_feat_alley, serial_bayou_pond_c,
          hangedman_decor_peaks_small
D:2:      overflow_temple_1_default, nicolae_tso_carved_into_rock, uniq_sigmund
D:4:      vehumet_altar_wand_db

Skill      XL: |  1  2  3  4  5 |
---------------+----------------+-----
Earth Magic    | 4 5 |  5.6
Dodging        | 2 |  2.0
Spellcasting   | 3 |  3.3
Maces & Flails | 1 |  1.3
Stealth        | 3 |  3.2
Transmutations | |  0.8

Action                   |  1- 3 |  4- 6 || total
-------------------------+-------+-------++-------
Melee: Unarmed           |    11 |       ||    11
       Club              |    18 |    25 ||    43
 Cast: Sandblast         |    34 |    34 ||    68
       Passwall          |     2 |       ||     2
       Stone Arrow       |       |     6 ||     6
  Use: Scroll            |       |     1 ||     1
       Potion            |       |     5 ||     5
  Eat: Chunk             |     1 |     1 ||     2
       Ration            |       |     1 ||     1
Armor: Robe              |    14 |    14 ||    28
Dodge: Dodged            |    33 |    35 ||    68

Table legend:
 A = Spawn XP
 B = Non-spawn XP
 C = Spawn XP percentage of total XP
 D = Spawn monster count
 E = Non-spawn monster count
 F = Spawn count percentage of total count
 G = Total turns spent on level
                    A         B        C        D         E        F      G
               +---------+---------+-------+---------+---------+-------+---------
         Total |       0 |     309 |   0.0 |       0 |      47 |   0.0 |  2105
               +---------+---------+-------+---------+---------+-------+---------
           D:1 |       0 |      51 |   0.0 |       0 |      25 |   0.0 |  1399
           D:2 |       0 |      90 |   0.0 |       0 |      11 |   0.0 |   200
           D:4 |       0 |     168 |   0.0 |       0 |      11 |   0.0 |   506
               +---------+---------+-------+---------+---------+-------+---------
